 Dungeon Crawl Stone Soup version 0.31-a0-175-g9f7f995f2b (webtiles) character file.

Game seed: 5405160508484071015

534 qw the Shooter (level 7, -9/64 HPs)
             Began as a Naga Hunter on June 16, 2023.
             Blown up by an orc (13 damage)
             ... with a mindburst bolt
             ... on level 4 of the Dungeon.
             The game lasted 00:01:20 (2894 turns).

qw the Shooter (Naga Hunter)                        Turns: 2894, Time: 00:01:21

Health: -9/64      AC:  3    Str: 19    XL:     7   Next: 25%
Magic:  7/7        EV: 10    Int: 10    God:
Gold:   190        SH:  0    Dex: 16    Spells: 6/6 levels left

rFire   . . .        Y - +1 shortbow (freeze)
rCold   . . .        (shield currently unavailable)
rNeg    . . .        c - +0 leather armour
rPois   +            (no helmet)
rElec   .            (no cloak)
rCorr   .            (no gloves)
SInv    +            (no barding)
Will    .....        (no amulet)
Stlth   ++           k - +6 ring of strength
HPRegen 0.30/turn    (no ring)
MPRegen 0.10/turn

%: no passive effects
@: short of breath, very slow
A: AC +2, large, see invisible, deformed body, poison resistance, slowness 2,
spit poison 1, naga tail 1
a: Spit Poison


You were on level 4 of the Dungeon.
You visited 1 branch of the dungeon, and saw 4 of its levels.
You also visited: Sewer.

You collected 190 gold pieces.


Innate Abilities, Weirdness & Mutations

Your serpentine skin is tough. (AC +2)
You have supernaturally acute eyesight. (SInv)
Armour fits poorly on your strangely shaped body.
Your system is resistant to poisons. (rPois)
You cover ground very slowly.
You can spit poison.
You have a snake-like lower body.


   Skills:
 - Level 4.0 Fighting
 + Level 6.7 Ranged Weapons
 - Level 2.3 Dodging
 - Level 1.5 Stealth


You had 6 spell levels left.
You didn't know any spells.
Your spell library was empty.

Inventory:

Hand Weapons
 Y - a +1 shortbow of freezing (weapon)
Armour
 c - a +0 leather armour (worn)
Jewellery
 e - a ring of ice
 k - a +6 ring of strength (left hand)
Scrolls
 g - a scroll of identify
Potions
 d - a potion of curing
 h - a potion of mutation
 i - a potion of might {unknown}
 j - a potion of brilliance {unknown}
 l - a potion of berserk rage {unknown}

Dungeon Overview and Level Annotations

Branches:
Dungeon (4/15)              Sewer (visited)
 Temple: D:4-7

Altars:


Message History

The orc wizard is lightly wounded.
You shoot an arrow.
The arrow closely misses the orc wizard.
An orc comes into view. It is wielding a +0 hand axe.
The orc wizard barely misses you.
You shoot an arrow. The arrow hits the orc wizard.
The arrow freezes the orc wizard.
The orc wizard is heavily wounded.
An orc comes into view.
It is wielding a +0 war axe, wearing a +4 ring mail of fire resistance and carrying a wand of mindburst (16).
The orc wizard points at you and mumbles some strange words.
The puff of flame hits you!
You shoot an arrow.
The arrow completely misses the orc wizard.
You have got your breath back.
The orc wizard gestures at you while chanting.
You easily resist.
2888 ||| INVOKING Spit Poison.
Aiming: Spit Poison (1% risk of failure)
Press: ? - help, Shift-Dir - straight line, f/p - orc wizard The splash of poison misses the orc wizard.
You shoot an arrow. The arrow hits the orc wizard.
The arrow freezes the orc wizard.
You kill the orc wizard!
You shoot an arrow. The arrow hits the orc!
The arrow freezes the orc.
You kill the orc!
You shoot an arrow.
The arrow hits the orc but does no damage.
The orc zaps a wand.
Your mind is blasted!
You shoot an arrow.
The arrow hits the orc but does no damage.
You have got your breath back.
2893 ||| INVOKING Spit Poison.
Aiming: Spit Poison (1% risk of failure)
Press: ? - help, Shift-Dir - straight line, f/p - orc The splash of poison hits the orc.
The orc is poisoned.
The orc is severely wounded.
The orc barely misses you.
You shoot an arrow. The arrow barely misses the orc.
The orc zaps a wand.
Your mind is blasted!
You die...

#............##...##
#..................#
#.............>.....
#...................
##..................
.....).............. #
#...............##
##..##@..............<#
#...oo).....###.......#
....####.#####
#........ .. #.#
#####......#. #.#
#..##......#. #.#
#..##........ ##.#
##........... ...##
#.#........#
......#...........


You could see 2 orcs.

Vanquished Creatures
  An ogre (D:4)
  2 bullfrogs (Sewer)
  A scorpion (D:3)
  An iguana (D:3)
  Jessica (D:2)
  An orc wizard (D:4)
  6 adders
  An ufetubus (D:4)
  A worm (D:1)
  A dart slug (D:1)
  2 orcs (D:4)
  6 bats
  6 endoplasms
  13 giant cockroaches
  9 goblins
  5 hobgoblins
  6 jackals
  6 kobolds
  6 quokkas
  14 ball pythons
  15 frilled lizards
  13 rats
117 creatures vanquished.

Notes
Turn   | Place    | Note
-------+----------+-------------------------------------------
     0 | D:1      | qw the Naga Hunter began the quest for the Orb.
     0 | D:1      | Reached XP level 1. HP: 19/19 MP: 1/1
     0 | D:1      | 0 ||| qw: Version: 0.2-a-29-g511e9b1
     0 | D:1      | 0 ||| qw: Game counter: 5900
     0 | D:1      | 0 ||| qw: Always use a shield: true
     0 | D:1      | 0 ||| qw: God list: Okawaru
     0 | D:1      | 0 ||| qw: Allow faded altars: false
     0 | D:1      | 0 ||| qw: Do Orc after D:15 true
     0 | D:1      | 0 ||| qw: Do second Lair branch before Depths: true
     0 | D:1      | 0 ||| qw: Lair rune preference: random
     0 | D:1      | 0 ||| qw: Plans: Normal
     0 | D:1      | 0 ||| PLANNING D:1-11
    17 | D:1      | 17 ||| INVOKING Spit Poison.
    20 | D:1      | 20 ||| INVOKING Spit Poison.
    40 | D:1      | 40 ||| INVOKING Spit Poison.
    43 | D:1      | 43 ||| INVOKING Spit Poison.
    70 | D:1      | 70 ||| INVOKING Spit Poison.
    88 | D:1      | 88 ||| INVOKING Spit Poison.
    89 | D:1      | Reached skill level 4 in Ranged Weapons
    89 | D:1      | Reached XP level 2. HP: 26/26 MP: 2/2
   142 | D:1      | 142 ||| INVOKING Spit Poison.
   177 | D:1      | 177 ||| INVOKING Spit Poison.
   201 | D:1      | 201 ||| INVOKING Spit Poison.
   218 | D:1      | 218 ||| INVOKING Spit Poison.
   221 | D:1      | 221 ||| INVOKING Spit Poison.
   252 | D:1      | 252 ||| INVOKING Spit Poison.
   257 | D:1      | 257 ||| INVOKING Spit Poison.
   263 | D:1      | 263 ||| INVOKING Spit Poison.
   268 | D:1      | Reached XP level 3. HP: 20/32 MP: 3/3
   337 | D:1      | 337 ||| INVOKING Spit Poison.
   349 | D:1      | Found a faded altar of an unknown god.
   351 | D:1      | 351 ||| INVOKING Spit Poison.
   359 | D:1      | 359 ||| INVOKING Spit Poison.
   366 | D:1      | 366 ||| INVOKING Spit Poison.
   387 | D:1      | 387 ||| INVOKING Spit Poison.
   427 | D:1      | 427 ||| INVOKING Spit Poison.
   790 | D:1      | 790 ||| UPGRADING to +6 ring of strength.
   791 | D:1      | 791 ||| READING 2 scrolls labelled SUOWKA KOSISI.
   792 | D:1      | 792 ||| READING 2 scrolls labelled FUEHED CINU.
   793 | D:1      | 793 ||| READING scroll labelled QEOZICO NYONENN.
   794 | D:1      | 794 ||| READING scroll labelled PIAGI JOSH.
   795 | D:1      | 795 ||| DROPPING scroll of poison.
   796 | D:1      | 796 ||| DROPPING scroll of butterflies.
   820 | D:2      | 820 ||| INVOKING Spit Poison.
   824 | D:2      | 824 ||| STAIRDANCE
   874 | D:2      | 874 ||| INVOKING Spit Poison.
   875 | D:2      | 875 ||| STAIRDANCE
   879 | D:1      | 879 ||| INVOKING Spit Poison.
  1009 | D:2      | 1009 ||| INVOKING Spit Poison.
  1030 | D:2      | 1030 ||| INVOKING Spit Poison.
  1052 | D:2      | 1052 ||| INVOKING Spit Poison.
  1144 | D:2      | Noticed Jessica
  1147 | D:2      | 1147 ||| INVOKING Spit Poison.
  1149 | D:2      | Killed Jessica
  1150 | D:2      | Reached skill level 5 in Ranged Weapons
  1150 | D:2      | Reached XP level 4. HP: 33/39 MP: 4/4
  1150 | D:2      | 1150 ||| INVOKING Spit Poison.
  1196 | D:2      | 1196 ||| INVOKING Spit Poison.
  1240 | D:2      | 1240 ||| INVOKING Spit Poison.
  1268 | D:2      | 1268 ||| INVOKING Spit Poison.
  1431 | D:2      | 1431 ||| READING scroll labelled AHUBEP EWUA.
  1432 | D:2      | 1432 ||| DRINKING 2 grey potions.
  1433 | D:2      | 1433 ||| DRINKING 2 coppery potions.
  1434 | D:2      | 1434 ||| READING 2 scrolls of identify.
  1434 | D:2      | 1434 ||| IDENTIFYING green potion
  1435 | D:2      | 1435 ||| DROPPING potion of enlightenment.
  1479 | D:3      | 1479 ||| PLANNING SEWER
  1485 | D:3      | 1485 ||| INVOKING Spit Poison.
  1489 | D:3      | 1489 ||| INVOKING Spit Poison.
  1573 | D:3      | 1573 ||| INVOKING Spit Poison.
  1578 | D:3      | 1578 ||| INVOKING Spit Poison.
  1580 | D:3      | 1580 ||| FLEEEEING.
  1581 | D:3      | 1581 ||| INVOKING Spit Poison.
  1582 | D:3      | Reached XP level 5. HP: 39/48 MP: 5/5
  1631 | D:3      | 1631 ||| INVOKING Spit Poison.
  1647 | D:3      | 1647 ||| INVOKING Spit Poison.
  1669 | D:3      | 1669 ||| INVOKING Spit Poison.
  1705 | D:3      | Reached skill level 3 in Fighting
  1708 | D:3      | 1708 ||| INVOKING Spit Poison.
  1781 | D:3      | 1781 ||| INVOKING Spit Poison.
  1871 | D:3      | Found a glowing drain.
  1872 | D:3      | 1872 ||| READING scroll labelled SOELIAVAIP.
  1875 | D:3      | 1875 ||| READING 3 scrolls of identify.
  1875 | D:3      | 1875 ||| IDENTIFYING dark potion
  1876 | D:3      | 1876 ||| READING 2 scrolls of identify.
  1876 | D:3      | 1876 ||| IDENTIFYING white potion
  1877 | D:3      | 1877 ||| DROPPING potion of attraction.
  1886 | Sewer    | Entered a sewer
  1895 | Sewer    | 1895 ||| INVOKING Spit Poison.
  1901 | Sewer    | 1901 ||| INVOKING Spit Poison.
  1941 | Sewer    | 1941 ||| INVOKING Spit Poison.
  1955 | Sewer    | 1955 ||| INVOKING Spit Poison.
  1965 | Sewer    | 1965 ||| INVOKING Spit Poison.
  1993 | Sewer    | 1993 ||| INVOKING Spit Poison.
  1999 | Sewer    | 1999 ||| INVOKING Spit Poison.
  2021 | Sewer    | 2021 ||| INVOKING Spit Poison.
  2052 | Sewer    | 2052 ||| INVOKING Spit Poison.
  2058 | Sewer    | 2058 ||| INVOKING Spit Poison.
  2083 | Sewer    | 2083 ||| INVOKING Spit Poison.
  2089 | Sewer    | 2089 ||| INVOKING Spit Poison.
  2092 | Sewer    | Reached skill level 6 in Ranged Weapons
  2092 | Sewer    | Reached XP level 6. HP: 47/56 MP: 6/6
  2095 | Sewer    | 2095 ||| INVOKING Spit Poison.
  2098 | Sewer    | 2098 ||| INVOKING Spit Poison.
  2101 | Sewer    | 2101 ||| INVOKING Spit Poison.
  2102 | Sewer    | 2102 ||| FLEEEEING.
  2104 | Sewer    | 2104 ||| FLEEEEING.
  2112 | Sewer    | 2112 ||| INVOKING Spit Poison.
  2217 | Sewer    | 2217 ||| INVOKING Spit Poison.
  2220 | Sewer    | 2220 ||| INVOKING Spit Poison.
  2429 | Sewer    | 2429 ||| READING scroll labelled FAEGAXT IRECIL.
  2449 | D:3      | 2449 ||| PLANNING D:1-11
  2603 | D:4      | 2603 ||| INVOKING Spit Poison.
  2608 | D:4      | 2608 ||| INVOKING Spit Poison.
  2610 | D:4      | 2610 ||| STAIRDANCE
  2612 | D:3      | 2612 ||| INVOKING Spit Poison.
  2617 | D:3      | 2617 ||| INVOKING Spit Poison.
  2617 | D:3      | HP: 14/57 [iguana (2)]
  2618 | D:3      | 2618 ||| DRINKING potion of heal wounds.
  2622 | D:3      | 2622 ||| INVOKING Spit Poison.
  2710 | D:4      | 2710 ||| INVOKING Spit Poison.
  2713 | D:4      | 2713 ||| STAIRDANCE
  2716 | D:3      | 2716 ||| INVOKING Spit Poison.
  2721 | D:3      | 2721 ||| INVOKING Spit Poison.
  2851 | D:4      | 2851 ||| INVOKING Spit Poison.
  2864 | D:4      | 2864 ||| INVOKING Spit Poison.
  2868 | D:4      | 2868 ||| INVOKING Spit Poison.
  2871 | D:4      | Reached XP level 7. HP: 26/64 MP: 7/7
  2879 | D:4      | 2879 ||| INVOKING Spit Poison.
  2883 | D:4      | 2883 ||| INVOKING Spit Poison.
  2888 | D:4      | 2888 ||| INVOKING Spit Poison.
  2891 | D:4      | HP: 3/64 [disintegration (18)]
  2893 | D:4      | 2893 ||| INVOKING Spit Poison.
  2894 | D:4      | Blown up by an orc

Levels and vault maps discovered:
D:1:      erik_arrival_cave_to_civilisation [erik_arrival_cave_to_hall],
          layout_basic, ebering_ecumenical_altar_petrified
D:2:      layout_rooms, st_stairs_13, kennysheep_generic_room_4, uniq_jessica
D:3:      layout_rooms, portal_sewer_entry_a
D:4:      layout_rooms

Skill      XL: |  1  2  3  4  5  6 |
---------------+-------------------+-----
Ranged Weapons | 4 5 6 |  6.7
Fighting       | 3 4 |  4.0
Dodging        | 2 |  2.3
Stealth        | |  1.5

Action                     |  1- 3 |  4- 6 |  7- 9 || total
---------------------------+-------+-------+-------++-------
   Fire: Shortbow          |    83 |   140 |    13 ||   236
Ability: Spit Poison       |    27 |    43 |     4 ||    74
    Use: Scroll            |     4 |     6 |       ||    10
         Potion            |       |     3 |       ||     3
 Armour: Leather armour    |     3 |    25 |       ||    28
  Dodge: Dodged            |     9 |    42 |     2 ||    53

Table legend:
 A = Non-vault XP
 B = Vault XP
 C = Vault XP percentage of total XP
 D = Non-vault monster count
 E = Vault monster count
 F = Vault count percentage of total count
                 A         B        C        D         E       F
            +---------+---------+-------+---------+---------+-------
      Total |     471 |     293 |  38.4 |      77 |      40 |  34.2
            +---------+---------+-------+---------+---------+-------
        D:1 |      59 |       3 |   4.8 |      35 |       2 |   5.4
        D:2 |      48 |      39 |  44.8 |      14 |       2 |  12.5
        D:3 |     182 |       5 |   2.7 |      20 |       4 |  16.7
        D:4 |     182 |       0 |   0.0 |       8 |       0 |   0.0
      Sewer |       0 |     246 | 100.0 |       0 |      32 | 100.0
            +---------+---------+-------+---------+---------+-------
